 Dungeon Crawl Stone Soup version 0.30-a0-1066-g63dfefce0d (webtiles) character file.

Game seed: 13598682229343747189

252 jimonade the Trooper (level 6, -3/62 HPs)
             Began as an Ogre Warper on Apr 12, 2023.
             Was an Initiate of Cheibriados.
             Slain by a black bear (4 damage)
             ... on level 5 of the Dungeon.
             The game lasted 00:09:18 (4923 turns).

jimonade the Trooper (Ogre Warper)                  Turns: 4923, Time: 00:09:19

Health: -3/62      AC:  3    Str: 19    XL:     6   Next: 14%
Magic:  10/10      EV: 10    Int: 15    God:    Cheibriados [......]
Gold:   177        SH:  0    Dex:  9    Spells: 7/11 levels left

rFire   . . .      SeeInvis .    a - +0 mace
rCold   . . .      Faith    .    (no shield)
rNeg    . . .      Spirit   .    b - +0 robe
rPois   .          Reflect  .    (helmet restricted)
rElec   .          Rampage  .    (no cloak)
rCorr   +                        (gloves unavailable)
Will    +....                    (boots unavailable)
Stlth   +                        (no amulet)
HPRegen 0.30/turn                v - ring of resist corrosion
MPRegen 0.12/turn                C - ring of willpower

@: very slow
A: large, unfitting armour, tough skin 1
a: Renounce Religion


You were on level 5 of the Dungeon.
You worshipped Cheibriados.
Cheibriados was noncommittal.
You visited 1 branch of the dungeon, and saw 5 of its levels.

You collected 177 gold pieces.

Inventory:

Hand Weapons
 a - a +0 mace (weapon)
 k - a +0 spear
 s - a +0 flail
Missiles
 d - 7 boomerangs of dispersal
 o - 2 atropa-tipped darts (quivered)
 w - 6 boomerangs
Armour
 b - a +0 robe (worn)
Jewellery
 g - an amulet of faith
 m - a ring of protection from fire
 v - a ring of resist corrosion (left hand)
 C - a ring of willpower (right hand)
Scrolls
 c - a scroll of blinking
 e - a scroll of fear {unknown}
 l - 2 scrolls of amnesia {unknown}
 p - 5 scrolls of identify {unknown}
 q - a scroll of teleportation {unknown}
 t - 4 scrolls of enchant weapon {unknown}
 x - 2 scrolls of poison {unknown}
 y - a scroll of noise {unknown}
 z - a scroll of magic mapping {unknown}
 A - a scroll of acquirement {unknown}
 B - a scroll of brand weapon {unknown}
Potions
 f - 3 potions of lignification {unknown}
 h - 5 potions of degeneration {unknown}
 i - 2 potions of flight {unknown}
 j - 2 potions of might {unknown}
 n - a potion of berserk rage {unknown}
 r - a potion of ambrosia {unknown}
 u - a potion of attraction {unknown}


   Skills:
 + Level 4.1 Fighting
 + Level 3.5 Maces & Flails
 + Level 1.2 Throwing
 + Level 3.1 Dodging
 - Level 0.4 Stealth
 + Level 3.1 Spellcasting
 * Level 3.4 Translocations


You had 7 spell levels left.
You knew the following spells:

 Your Spells              Type           Power      Damage    Failure   Level
a - Blink                 Tloc           24%        N/A       8%          2
b - Lesser Beckoning      Tloc           24%        N/A       8%          2

Your spell library contained the following spells:

 Spells                   Type           Power      Damage    Failure   Level
 Gell's Gravitas          Tloc           12%        N/A       14%         3
 Teleport Other           Tloc           12%        N/A       14%         3
 Summon Small Mammal      Summ           8%         N/A       21%         1
 Vhi's Electric Charge    Tloc/Air       14%        N/A       28%         3
 Manifold Assault         Tloc           12%        N/A       43%         4
 Call Canine Familiar     Summ           2%         N/A       52%         3
 Summon Guardian Golem    Hex/Summ       2%         N/A       52%         3


Dungeon Overview and Level Annotations

Branches:
Dungeon (5/15)
 Temple: D:4-7

Altars:
Ashenzari
Cheibriados
Dithmenos
Hepliaklqana
Makhleb
Okawaru
Ru
Wu Jian
The Shining One

Shops:
D:4 (

Annotations:
D:3 3 runed translucent doors, Sleet's ghost, amateur SpEn


Innate Abilities, Weirdness & Mutations

You are too large for most types of armour.
You have tough skin. (AC +1)


Message History

The black bear closely misses you. The black bear bites you.
The black bear claws you. x2
You are too injured to fight recklessly!
You are too injured to fight recklessly!
You are too injured to fight recklessly!
You hit the black bear.
The black bear is moderately wounded.
The black bear completely misses you. The black bear claws you. x2
You hit the black bear but do no damage.
The black bear is moderately wounded.
The black bear barely misses you. x2; The black bear claws you.
You barely miss the black bear.
The black bear is moderately wounded.
The black bear bites you. The black bear claws you. x2
* * * LOW HITPOINT WARNING * * *
You hit the black bear.
The black bear is moderately wounded.
You are no longer corroded.
The black bear closely misses you. The black bear completely misses you.
The black bear closely misses you.
You barely miss the black bear.
The black bear is moderately wounded.
The black bear closely misses you.
The black bear claws you but does no damage.
The black bear barely misses you. The black bear bites you.
* * * LOW HITPOINT WARNING * * *
The black bear closely misses you. The black bear completely misses you.
You sock the black bear!
The black bear is severely wounded.
The black bear bites you.
* * * LOW HITPOINT WARNING * * *
The black bear claws you.
* * * LOW HITPOINT WARNING * * *
The black bear barely misses you.
You hit the black bear but do no damage.
The black bear is severely wounded.
The black bear bites you.
* * * LOW HITPOINT WARNING * * *
The black bear closely misses you. The black bear claws you.
You die...

......> # #...#.#
#.#[#.#.# #
##.#...#.# .#
##...#..#.#..#
.#.......#.#.(###
.................
.#.............!$
##...((h@.###.##
...........#
###.......##
....#....#
....#.....#
...........
...#.....#
..##.$...


You could see a black bear.

Vanquished Creatures
  A howler monkey (D:4)
  A hound (D:4)
  A jelly (D:5)
  Jessica (D:2)
  Ijyb (D:4)
  4 adders
  A dart slug (D:1)
  2 orcs (D:4)
  6 ball pythons
  6 endoplasms
  A giant cockroach (D:1)
  4 goblins
  7 hobgoblins
  4 jackals (D:3)
  5 quokkas
  10 bats
  3 frilled lizards
  3 kobolds
  10 rats
71 creatures vanquished.

Vanquished Creatures (others)
  6 plants (D:4)
6 creatures vanquished.

Grand Total: 77 creatures vanquished

Notes
Turn   | Place    | Note
-------+----------+-------------------------------------------
     0 | D:1      | jimonade the Ogre Warper began the quest for the Orb.
     0 | D:1      | Reached XP level 1. HP: 22/22 MP: 3/3
    75 | D:1      | Reached XP level 2. HP: 6/29 MP: 3/5
   521 | D:1      | Reached XP level 3. HP: 20/36 MP: 7/7
   698 | D:1      | Reached skill level 3 in Fighting
  1532 | D:2      | Noticed Jessica
  1561 | D:2      | Killed Jessica
  1562 | D:2      | Reached XP level 4. HP: 30/45 MP: 8/8
  1685 | D:2      | Learned a level 2 spell: Blink
  1719 | D:2      | Learned a level 2 spell: Lesser Beckoning
  2168 | D:3      | Found a runed translucent gate.
  2168 | D:3      | Found a runed translucent gate.
  2168 | D:3      | Found a runed translucent gate.
  2232 | D:3      | Noticed Sleet's ghost (amateur SpEn)
  2288 | D:3      | Found a burning altar of Makhleb.
  2288 | D:3      | Found a shadowy altar of Dithmenos.
  2406 | D:3      | Found a broken altar of Ashenzari.
  2565 | D:3      | Found an ornate altar of the Wu Jian Council.
  2877 | D:3      | Found a snail-covered altar of Cheibriados.
  2958 | D:3      | Became a worshipper of Cheibriados the Contemplative
  3321 | D:4      | Reached XP level 5. HP: 34/54 MP: 9/9
  3492 | D:4      | Noticed Ijyb
  3501 | D:4      | Paralysed by Ijyb for 4 turns
  3514 | D:4      | Paralysed by Ijyb for 4 turns
  3522 | D:4      | Killed Ijyb
  3627 | D:4      | Found a hazy altar of Hepliaklqana.
  3793 | D:4      | Found Gaxeucod's Antique Weapon Shoppe.
  3928 | D:4      | Found an iron altar of Okawaru.
  3928 | D:4      | Found a glowing golden altar of the Shining One.
  4354 | D:4      | Found a sacrificial altar of Ru.
  4407 | D:4      | Reached skill level 4 in Fighting
  4798 | D:5      | Entered Level 5 of the Dungeon
  4804 | D:5      | Reached XP level 6. HP: 39/62 MP: 10/10
  4908 | D:5      | Noticed a black bear
  4923 | D:5      | HP: 1/62 [black bear (6)]
  4923 | D:5      | Slain by a black bear

Illustrated notes

Levels and vault maps discovered:
D:1:      dpeg_arrival_round_a, layout_basic
D:2:      layout_loops_cross, uniq_jessica
D:3:      layout_loops_corners, mainiacjoe_overflow_large_starburst,
          nzn_wu_jian_council_hall, mainiacjoe_overflow_swirl,
          gammafunk_ghost_split
D:4:      layout_basic, nicolae_hepliaklqana_hazy_memory,
          mainiacjoe_overflow_alcove_1, gammafunk_temple_overflow_wave,
          serial_shops, shop, uniq_ijyb
D:5:      layout_loops_ring, nicolae_overflow_crystal_walls, zin_academy,
          led_sif_book

Skill      XL: |  1  2  3  4  5 |
---------------+----------------+-----
Maces & Flails | 2 3 |  3.5
Translocations | 3 |  3.4
Fighting       | 3 4 |  4.1
Spellcasting   | 3 |  3.1
Dodging        | 3 |  3.1
Throwing       | |  1.2
Stealth        | |  0.4

Action                     |  1- 3 |  4- 6 || total
---------------------------+-------+-------++-------
  Melee: Mace              |   127 |   157 ||   284
         Punch             |     1 |       ||     1
  Throw: Dart              |       |     7 ||     7
   Stab: Sleeping          |       |     1 ||     1
 Armour: Robe              |    47 |    53 ||   100
  Dodge: Dodged            |    75 |   105 ||   180

Table legend: (Time is in decaauts)
 A = Elapsed time spent in this place.
 B = Non-inter-level travel time spent in this place.
 C = Inter-level travel time spent in this place.
 D = Time resting spent in this place.
 E = Time spent auto-exploring this place.
 F = Levels seen in this place.
 G = Mean time per level.
                   A        B        C        D        E       F      G
               +--------+--------+--------+--------+--------+-----+--------+
         Total |   5389 |   5142 |    247 |    106 |   4314 |   5 | 1077.8 |
       Dungeon |   5389 |   5142 |    247 |    106 |   4314 |   5 | 1077.8 |
               +--------+--------+--------+--------+--------+-----+--------+

Top non-repeatable levels by time:
     D:4: 1900 daAuts
     D:1: 1303 daAuts
     D:3: 1189 daAuts
     D:2: 951 daAuts
     D:5: 45 daAuts
